 Dungeon Crawl Stone Soup version 0.29-a0-187-ga23d9638d5 (webtiles) character file.

Game seed: 10059345586774394349

1568 mopl the Covert (level 8, -4/54 HPs)
             Began as an Octopode Delver on Feb 21, 2022.
             Slain by a vampire (7 damage)
             ... on level 6 of the Dungeon.
             The game lasted 00:08:00 (4251 turns).

mopl the Covert (Octopode Delver)                   Turns: 4251, Time: 00:08:01

Health: -4/54      AC:  1    Str: 14    XL:     8   Next: 90%
Magic:  11/11      EV: 14    Int: 12    God:
Gold:   308        SH:  0    Dex: 15    Spells: 3/11 levels left

rFire   + + .      SeeInvis .   s - +0 short sword (holy)
rCold   . . .      Faith    .   (no shield)
rNeg    . . .      Spirit   .   (helmet restricted)
rPois   .          Reflect  .   (no amulet)
rElec   .          Harm     .   C - ring of protection from fire
rCorr   .          Rampage  .   (no ring)
Will    .....                   (no ring)
Stlth   +++.......              (no ring)
HPRegen 0.18/turn               (no ring)
MPRegen 0.12/turn               (no ring)
                                (no ring)
                                (no ring)

@: confused, mighty, brilliant
A: almost no armour, amphibious, 8 rings, camouflage 1, gelatinous body 1,
(nimble swimmer 1), tentacles, deterioration 1, fire resistance 1, strong 1
a: no special abilities


You were on level 6 of the Dungeon.
You visited 1 branch of the dungeon, and saw 6 of its levels.
You also visited: Sewer.

You collected 308 gold pieces.

Inventory:

Hand Weapons
 a - a +0 long sword
 b - a +2 dagger of draining
 s - a +0 short sword of holy wrath (weapon)
Missiles
 h - 9 boomerangs (quivered)
 x - 14 poisoned darts
Jewellery
 t - a ring of ice
 C - a ring of protection from fire (left tentacle)
Wands
 f - a wand of digging (3)
 A - a wand of flame (9)
Scrolls
 c - a scroll of magic mapping
 d - a scroll of fear
 g - 4 scrolls of fog
 j - 10 scrolls of identify {unknown}
 k - 2 scrolls of immolation {unknown}
 p - 4 scrolls of teleportation {unknown}
 q - a scroll of noise {unknown}
 r - 2 scrolls of blinking {unknown}
 u - a scroll of holy word {unknown}
 v - 2 scrolls of vulnerability {unknown}
 y - a scroll of enchant armour {unknown}
 G - a scroll of amnesia {unknown}
Potions
 e - 2 potions of haste
 i - a potion of mutation {!q}
 l - 2 potions of brilliance
 m - a potion of might
 n - 4 potions of degeneration
 o - 4 potions of flight
 w - a potion of berserk rage {unknown}
 z - a potion of lignification {unknown}
 B - a potion of curing {unknown}
 D - a potion of cancellation {unknown}
 E - a potion of heal wounds {unknown}
 F - 3 potions of resistance {unknown}
 H - a potion of magic {unknown}


   Skills:
 + Level 4.6 Fighting
 * Level 5.5 Long Blades
 + Level 4.0 Dodging
 + Level 8.4 Stealth
 + Level 2.4 Spellcasting
 + Level 2.8 Hexes
 + Level 2.6 Transmutations
 + Level 2.7 Ice Magic
 + Level 2.6 Earth Magic
 - Level 1.8 Evocations


You had 3 spell levels left.
You knew the following spells:

 Your Spells              Type           Power      Damage    Failure   Level
b - Ensorcelled Hibernat  Hex/Ice        24%        N/A       13%         2
c - Petrify               Tmut/Erth      11%        N/A       65%         4
p - Passwall              Tmut/Erth      9%         N/A       13%         2

Your spell library contained the following spells:

 Spells                   Type           Power      Damage    Failure   Level
 Magic Dart               Conj           8%         1d3       26%         1
 Ozocubu's Armour         Ice            11%        N/A       26%         3
 Call Imp                 Summ           2%         N/A       36%         2
 Sublimation of Blood     Necr           2%         N/A       36%         2
 Mephitic Cloud           Conj/Pois/Air  2%         N/A       61%         3
 Swiftness                Air            2%         N/A       61%         3
 Metabolic Englaciation   Hex/Ice        6%         N/A       93%         5
 Irradiate                Conj/Tmut      3%         3d15      99%         5
 Simulacrum               Ice/Necr       3%         N/A       100%        6


Dungeon Overview and Level Annotations

Branches:
Dungeon (6/15)              Sewer (visited)
 Temple: D:4-7

Altars:
Uskayaw

Annotations:
D:4 3 runed translucent doors, Ontamu's ghost, amateur GnTm


Innate Abilities, Weirdness & Mutations

You cannot wear most types of armour.
You are amphibious.
You can wear up to eight rings at the same time.
Your skin changes colour to match your surroundings (Stealth+).
Your rubbery body absorbs attacks. (AC +1, EV +1)
((You are camouflaged when in or above water. (Stealth+)))
You have tentacles for arms and can constrict up to eight enemies at once.
Your body sometimes deteriorates upon taking damage.
Your flesh is heat resistant. (rF+)
Your muscles are strong. (Str +2)


Message History

The gnoll barely misses you.
The vampire casts a spell.
The vampire flickers and vanishes!
Deactivating autopickup; reactivate with Ctrl-A.
A gnoll comes into view. It is wielding a +0 spear.
You hear some strange, mumbled words.
You are confused.
It was a potion of brilliance.
You feel clever all of a sudden.
You hear some strange, mumbled words.
Something tries to affect you, but you resist.
You're too confused to move!
You feel less confused. Something hits you. Something bites you!
Something draws strength from your injuries!
You hear some strange, mumbled words.
You are confused.
You hear some strange, mumbled words.
Something tries to affect you, but you resist.
You bump into the rock wall.
Something hits you. Something bites you!
Something draws strength from your injuries!
You feel less confused.
Aiming: Throw Flame
Press: ? - help, Shift-Dir - straight line, f - gnoll
Aim: a gnoll, wielding a +0 club (75% to hit)
The puff of flame hits something.
Something hits you! Something bites you!
* * * LOW HITPOINT WARNING * * *
Something draws strength from your injuries!
Unknown command.
It was a potion of mutation.
You feel extremely strange.
You feel stronger.
You feel yourself wasting away.
You feel resistant to heat.
You hear some strange, mumbled words.
You are confused.
It was a potion of might.
You feel very mighty all of a sudden. Something hits you.
* * * LOW HITPOINT WARNING * * *
Something bites you!
You die...

#.......##..#.# .............
#.......##..#.# #............
#.......##..#.# #............
#..#'#####..#.##.##...........
#..#.# #..#g##.##...........
#..#.# #..#g##.##.....†.....
#..#g##.##.....<.....
#{##.##...........
#@##.##...........
#.#...............
#.................
#######.###.######
.................+
#######.###.###### #.# #.# #.#
#.# #.# #.#


You could see 3 gnolls.

Vanquished Creatures
  Pikel (D:5)
  An ice beast (D:5)
  A necrophage (D:4)
  A centaur (D:5)
  2 phantoms (D:5)
  2 lemures (D:5)
  A water moccasin zombie (D:5)
  5 scorpions
  An orc priest (D:4)
  2 hounds
  A hound skeleton (D:5)
  3 gnolls (D:4)
  4 river rats (Sewer)
  9 adders
  A worm (Sewer)
  5 orcs (D:4)
  13 bats
  9 endoplasms
  9 giant cockroaches
  6 goblins
  4 hobgoblins
  3 jackals
  10 kobolds
  6 quokkas
  10 ball pythons
  7 frilled lizards
  5 rats
  A butterfly (D:5)
123 creatures vanquished.

Notes
Turn   | Place    | Note
-------+----------+-------------------------------------------
     0 | D:5      | mopl the Octopode Delver began the quest for the Orb.
     0 | D:5      | Reached XP level 1. HP: 16/16 MP: 1/1
    30 | D:5      | Noticed a phantom
   117 | D:4      | Noticed a hound
   122 | D:4      | Noticed an ice beast
   126 | D:4      | Killed a hound
   127 | D:4      | Reached skill level 1 in Evocations
   127 | D:4      | Reached XP level 2. HP: 12/21 MP: 2/2
   127 | D:4      | Reached XP level 3. HP: 15/26 MP: 3/3
   264 | D:4      | Noticed Ontamu's ghost (amateur GnTm)
   370 | D:4      | Noticed a necrophage
   388 | D:4      | Killed a necrophage
   389 | D:4      | Reached skill level 3 in Long Blades
   389 | D:4      | Reached skill level 7 in Stealth
   389 | D:4      | Reached XP level 4. HP: 30/31 MP: 4/4
   389 | D:4      | Reached XP level 5. HP: 35/36 MP: 5/5
   499 | D:3      | Learned a level 2 spell: Ensorcelled Hibernation
   502 | D:3      | Learned a level 2 spell: Passwall
   553 | D:3      | Found a hide-covered altar of Uskayaw.
   640 | D:3      | Found a glowing drain.
   658 | Sewer    | Entered a sewer
  1017 | Sewer    | Reached XP level 6. HP: 20/43 MP: 6/6
  1776 | D:1      | Found a faded altar of an unknown god.
  2002 | D:2      | You fall into a shaft and drop 2 floors!
  2014 | D:4      | Reached skill level 3 in Dodging
  2014 | D:4      | Reached skill level 1 in Hexes
  2882 | D:4      | Found a runed translucent gate.
  2882 | D:4      | Found a runed translucent gate.
  2882 | D:4      | Found a runed translucent gate.
  2929 | D:4      | Reached skill level 1 in Earth Magic
  2931 | D:4      | Reached skill level 4 in Long Blades
  2936 | D:4      | Reached skill level 1 in Spellcasting
  2936 | D:4      | Reached skill level 1 in Ice Magic
  2946 | D:4      | Reached skill level 1 in Transmutations
  3292 | D:5      | Reached XP level 7. HP: 47/47 MP: 8/8
  3379 | D:5      | Reached skill level 4 in Fighting
  3464 | D:5      | Reached skill level 2 in Hexes
  3464 | D:5      | Reached XP level 8. HP: 54/54 MP: 10/10
  3772 | D:5      | Reached skill level 8 in Stealth
  3772 | D:5      | Reached skill level 2 in Transmutations
  3772 | D:5      | Reached skill level 2 in Ice Magic
  3772 | D:5      | Reached skill level 2 in Earth Magic
  3795 | D:5      | Reached skill level 5 in Long Blades
  4011 | D:5      | Noticed Pikel
  4096 | D:5      | Killed Pikel
  4097 | D:5      | Reached skill level 4 in Dodging
  4097 | D:5      | Reached skill level 2 in Spellcasting
  4153 | D:5      | Learned a level 4 spell: Petrify
  4197 | D:6      | Noticed a vampire
  4250 | D:6      | Gained mutation: Your muscles are strong. (Str +2) [potion
                  | of mutation]
  4250 | D:6      | Gained mutation: Your body sometimes deteriorates upon
                  | taking damage. [potion of mutation]
  4250 | D:6      | Gained mutation: Your flesh is heat resistant. (rF+)
                  | [potion of mutation]
  4251 | D:6      | Slain by a vampire

Illustrated notes

Levels and vault maps discovered:
D:1:      ebering_trefoil_twist, layout_basic, nicolae_ecumenical_lake_church
D:2:      layout_basic
D:3:      layout_loops_ring, nicolae_overflow_crystal_walls,
          portal_sewer_entry_f, minivault_4
D:4:      layout_loops_ring, gammafunk_ghost_icy
D:5:      layout_rooms, hangedman_glass_garden, uniq_pikel
D:6:      layout_basic, uniq_grinder

Skill      XL: |  1  2  3  4  5  6  7  8 |
---------------+-------------------------+-----
Evocations     | 1 |  1.8
Long Blades    | 3 4 5 |  5.5
Stealth        | 7 8 |  8.4
Dodging        | 3 4 |  4.0
Hexes          | 1 2 |  2.8
Earth Magic    | 1 2 |  2.6
Spellcasting   | 1 2 |  2.4
Ice Magic      | 1 2 |  2.7
Transmutations | 1 2 |  2.6
Fighting       | 4 |  4.6

Action                   |  1- 3 |  4- 6 |  7- 9 || total
-------------------------+-------+-------+-------++-------
Melee: Falchion          |     6 |       |       ||     6
       Tentacles         |     4 |    19 |    10 ||    33
       Dagger            |     6 |   156 |    27 ||   189
       Constrict         |     3 |    25 |     5 ||    33
       Punch             |       |     2 |       ||     2
       Short sword       |       |       |    28 ||    28
       Long sword        |       |       |     3 ||     3
 Cast: Ensorcelled Hiber |       |       |     1 ||     1
Evoke: Wand              |       |       |     1 ||     1
  Use: Potion            |       |       |     3 ||     3
 Stab: Sleeping          |     3 |    47 |     8 ||    58
Armor: Skin              |     2 |     7 |     3 ||    12
Dodge: Dodged            |     4 |    65 |    29 ||    98

Table legend: (Time is in decaauts)
 A = Elapsed time spent in this place.
 B = Non-inter-level travel time spent in this place.
 C = Inter-level travel time spent in this place.
 D = Time resting spent in this place.
 E = Time spent auto-exploring this place.
 F = Levels seen in this place.
 G = Mean time per level.
                   A        B        C        D        E       F      G
               +--------+--------+--------+--------+--------+-----+--------+
         Total |   4225 |   4008 |    217 |    616 |   2174 |   7 |  603.6 |
       Dungeon |   3652 |   3435 |    217 |    457 |   1928 |   6 |  608.7 |
         Sewer |    572 |    572 |      0 |    159 |    246 |   1 |  572.0 |
               +--------+--------+--------+--------+--------+-----+--------+

Top non-repeatable levels by time:
     D:4: 1130 daAuts
     D:3: 818 daAuts
     D:5: 686 daAuts
   Sewer: 572 daAuts
     D:1: 571 daAuts
     D:2: 357 daAuts
     D:6: 89 daAuts
